 Dungeon Crawl Stone Soup version 0.20.0-1-g1cb1d84 (webtiles) character file.

462 coolio the Covered (level 6, 0/48 HPs)
             Began as a Demonspawn Fighter on May 27, 2017.
             Slain by a hound (1 damage)
             ... on level 3 of the Dungeon.
             The game lasted 00:04:33 (4765 turns).

coolio the Covered (Demonspawn Fighter)             Turns: 4765, Time: 00:04:34

Health: 0/48       AC:  9    Str: 18    XL:     6   Next: 79%
Magic:  0/6        EV:  9    Int:  9    God:
Gold:   149        SH:  0    Dex: 13    Spells: 5/5 levels left

rFire    . . .     SeeInvis .   a - +0 war axe
rCold    . . .     Gourm    .   (no shield)
rNeg     . . .     Faith    .   b - +0 scale mail
rPois    .         Spirit   +   l - +0 helmet
rElec    .         Reflect  .   (no cloak)
rCorr    .         Harm     .   (no gloves)
MR       .....                  q - +0 pair of boots (curse)
Stlth    ..........             (no amulet)
Regen    0.2/turn               (no ring)
MPRegen  0.2/turn               (no ring)

@: no status effects
A: hooves 1, powered by pain 1, magic shield, magic regeneration
a: no special abilities


You were on level 3 of the Dungeon.
You were not hungry.

You visited 1 branch of the dungeon, and saw 4 of its levels.

You collected 165 gold pieces.
You spent 16 gold pieces at shops.

Inventory:

Hand Weapons
 a - a +0 war axe (weapon)
 n - a +0 morningstar
Armour
 b - a +0 scale mail (worn)
 l - a +0 helmet (worn)
 q - a cursed +0 pair of boots (worn)
Scrolls
 c - 4 scrolls of teleportation {unknown}
 d - a scroll of amnesia {unknown}
 e - 4 scrolls of identify {unknown}
 h - a scroll of recharging {unknown}
 k - a scroll of fear {unknown}
 m - a scroll of magic mapping {unknown}
 p - a scroll of blinking {unknown}
Comestibles
 f - a bread ration
 g - a fruit
 j - a royal jelly
 o - 3 chunks of flesh
 r - a meat ration


   Skills:
 + Level 4.0 Fighting
 * Level 4.5 Axes
 * Level 5.0 Armour
   Level 2.6 Shields


You had 5 spell levels left.
You didn't know any spells.

Dungeon Overview and Level Annotations

Branches:
Dungeon (4/15)
 Temple: D:4-7

Altars:
Vehumet

Shops:
D:4 [


Innate Abilities, Weirdness & Mutations

You have large cloven feet.
You sometimes gain a little power by taking damage.
When hurt, damage is shared between your health and your magic reserves.
You regenerate magic rapidly.


Message History

You miss the hound. The hound misses you. The hound bites you.
* * * LOW HITPOINT WARNING * * *
You aren't carrying any potions.
You hit the hound.
The hound is lightly wounded.
The hound bites you but does no damage. x2
You aren't carrying any items that you can evoke.
You miss the hound.
The hound is lightly wounded.
The hound bites you but does no damage. The hound bites you.
* * * LOW HITPOINT WARNING * * *
You closely miss the hound.
The hound is lightly wounded.
The hound bites you.
* * * LOW HITPOINT WARNING * * *
The hound bites you but does no damage.
You hit the hound.
The hound is moderately wounded.
The hound barely misses you. The hound bites you.
You die...

####.#.###.#.......##.........
#.#.###.#.....####......##.
#.#..##.#..........#...####
#.##.##.##########..####
#.......# ##.# ####.#### #.#
#.# #.####### #.##########
#.......# #<##...@h..#
#..####.#
#.##.#####.#####..###...
#.................##....
####.##..#.######.##....
#.......# #.##.... #########
#.<..... #.##.##. #.##.##.
#.##.##.


You could see a hound.

Vanquished Creatures
  3 howler monkeys (D:4)
  4 orc wizards
  2 worker ants
  8 adders
  An ooze (D:3)
  An adder skeleton (D:4)
  A worm (D:2)
  5 dart slugs
  3 leopard geckos
  12 orcs
  5 giant cockroaches
  5 goblins
  11 hobgoblins
  3 jackals (D:1)
  3 quokkas
  10 bats
  3 frilled lizards (D:1)
  5 kobolds
  6 rats
91 creatures vanquished.

Notes
Turn   | Place    | Note
-------+----------+-------------------------------------------
     0 | D:1      | coolio the Demonspawn Fighter began the quest for the Orb.
     0 | D:1      | Reached XP level 1. HP: 18/18 MP: 1/1
   421 | D:1      | Reached skill level 3 in Armour
   448 | D:1      | Gained mutation: When hurt, damage is shared between your health and your magic reserves. [demonic ancestry]
   448 | D:1      | Reached XP level 2. HP: 14/24 MP: 2/2
   983 | D:1      | Reached XP level 3. HP: 23/29 MP: 1/3
  1585 | D:2      | Gained mutation: You regenerate magic rapidly. [demonic ancestry]
  1585 | D:2      | Reached XP level 4. HP: 29/35 MP: 4/4
  2410 | D:3      | Gained mutation: You have large cloven feet. [demonic ancestry]
  2410 | D:3      | Reached XP level 5. HP: 24/41 MP: 1/5
  2422 | D:3      | Reached skill level 4 in Armour
  4065 | D:4      | Found a radiant altar of Vehumet.
  4069 | D:4      | Gained mutation: You sometimes gain a little power by taking damage. [demonic ancestry]
  4069 | D:4      | Reached XP level 6. HP: 44/48 MP: 6/6
  4520 | D:4      | Found Duexuro's Armour Shop.
  4541 | D:4      | Reached skill level 5 in Armour
  4642 | D:4      | Bought a cursed +0 pair of boots for 16 gold pieces
  4764 | D:3      | HP: 1/48 [hound (3)]
  4765 | D:3      | Slain by a hound

Skill      XL: |  1  2  3  4  5  6 |
---------------+-------------------+-----
Axes           | 2 3 4 |  4.5
Armour         | 3 4 5 |  5.0
Fighting       | 4 |  4.0
Shields        | |  2.6

Action                   |  1- 3 |  4- 6 || total
-------------------------+-------+-------++-------
Melee: War axe           |    99 |   244 ||   343
       Kick              |       |    37 ||    37
  Use: Potion            |       |     4 ||     4
  Eat: Chunk             |     2 |    11 ||    13
Armor: Scale mail        |    63 |   138 ||   201
Dodge: Dodged            |    60 |   136 ||   196
